 Seeded DCSS version 0.29.1-15-g9cfb28693d (webtiles) character file.

Game seed: 202302273465767 (custom seed)

1027 Mickster the Chopper (level 7, -6/54 HPs)
             Began as a Demigod Fighter on Feb 28, 2023.
             Mangled by a cyclops (25 damage)
             ... on level 6 of the Dungeon.
             The game lasted 00:40:09 (4117 turns).

Mickster the Chopper (Demigod Fighter)              Turns: 4117, Time: 00:40:10

Health: -6/54      AC:  7    Str: 25    XL:     7   Next: 72%
Magic:  9/9        EV:  8    Int: 16    God:
Gold:   1010       SH:  5    Dex: 13    Spells: 6/6 levels left

rFire   . . .      SeeInvis .   a - +0 war axe
rCold   . . .      Faith    .   c - +0 buckler
rNeg    . . .      Spirit   .   h - +0 chain mail
rPois   .          Reflect  .   (no helmet)
rElec   .          Harm     .   i - +0 cloak
rCorr   .          Rampage  .   p - +0 pair of gloves
Will    +....                   (no boots)
Stlth   ..........              k - amulet of regeneration
HPRegen 0.98/turn               o - +6 ring of intelligence
MPRegen 0.11/turn               r - ring of willpower

@: no status effects
A: high MP 1, forlorn, divine attributes, hooves 2, deformed body, frail 1
a: no special abilities


You were on level 6 of the Dungeon.
You visited 1 branch of the dungeon, and saw 6 of its levels.

You collected 1010 gold pieces.

Inventory:

Hand Weapons
 a - a +0 war axe (weapon)
 f - a +0 spear
 g - a +0 sling
 l - a +0 long sword
 q - a +0 mace
 v - a +0 falchion
Missiles
 e - 43 stones
 s - 4 poisoned darts (quivered)
Armour
 b - a +0 scale mail
 c - a +0 buckler (worn)
 h - a +0 chain mail (worn)
 i - a +0 cloak (worn)
 p - a +0 pair of gloves (worn)
Jewellery
 k - an amulet of regeneration (around neck)
 o - a +6 ring of intelligence (left hand)
 r - a ring of willpower (right hand)
 x - a ring of magical power
Wands
 d - a wand of light (6)
Scrolls
 j - 6 scrolls of identify
 m - 3 scrolls of teleportation
Potions
 n - a potion of ambrosia
 w - 3 potions of curing


   Skills:
 + Level 4.6 Fighting
 * Level 6.5 Axes
 + Level 0.3 Throwing
 + Level 4.2 Armour
 + Level 1.3 Dodging
 + Level 0.1 Stealth
 + Level 3.3 Shields


You had 6 spell levels left.
You didn't know any spells.
Your spell library contained the following spells:

 Spells                   Type           Power      Damage    Failure   Level
 Magic Dart               Conj           0%         1d3       91%         1
 Searing Ray              Conj           0%         2d4       97%         2
 Call Canine Familiar     Summ           0%         N/A       100%        3
 Gell's Gravitas          Tloc           0%         N/A       100%        3
 Lesser Beckoning         Tloc           0%         N/A       100%        3
 Portal Projectile        Hex/Tloc       0%         N/A       100%        3
 Teleport Other           Tloc           0%         N/A       100%        3
 Tukima's Dance           Hex            0%         N/A       100%        3
 Fulminant Prism          Conj/Hex       0%         3d6       100%        4
 Leda's Liquefaction      Hex/Erth       0%         N/A       100%        4
 Blade Hands              Tmut           0%         N/A       100%        5


Dungeon Overview and Level Annotations

Branches:
Dungeon (6/15)
 Temple: D:4-7

Shops:
D:2 :


Innate Abilities, Weirdness & Mutations

You have an increased reservoir of magic. (+10% MP)
You shall have no god before yourself.
Your divine heritage dramatically boosts your attributes as you level up.
You have hoof-like feet.
Armour fits poorly on your strangely shaped body.
You are frail. (-10% HP)


Message History

The adder hisses angrily.
The adder completely misses you.
You miss the adder. You kick the adder!
The adder is severely wounded.
The adder closely misses you. The adder bites you but does no damage.
You miss the adder.
The adder is severely wounded.
The adder bites you.
You slash the adder!
You kill the adder!
Found 12 gold pieces.
A cyclops comes into view.
The cyclops shouts!
You hear a shout!
The cyclops throws a large rock.
The large rock barely misses you.
A shadow imp comes into view.
The shadow imp shouts, "Go and return not, thou baffled spleeny nothing!"
It was a potion of heal wounds.
You feel much better.
The cyclops throws a large rock.
The large rock hits you!!
Found a stone staircase leading down.
You hit the cyclops. You kick the cyclops.
The cyclops is lightly wounded.
You hit the cyclops.
The cyclops is moderately wounded.
You block the cyclops's attack.
You barely miss the cyclops. You kick the cyclops, but do no damage.
The cyclops is moderately wounded.
You barely miss the shadow imp. The shadow imp gestures at you.
Pain shoots through your body! The cyclops hits you!
The shadow imp hits you but does no damage.
You slash the cyclops!
The cyclops is heavily wounded.
You slash the shadow imp! The cyclops barely misses you.
The shadow imp hits you but does no damage.
You hit the cyclops. You kick the cyclops, but do no damage.
The cyclops is heavily wounded.
You hit the shadow imp.
The shadow imp hits you but does no damage.
The cyclops hits you!!
You die...

#......................#
#..######.######.....###
#..# #. #.....# #..# #.
###.### #..######. #.#
#))....##.########.#
#)####...#.........# #.#
#.....######## #.#
#.###@# #.# # #C5>..#
#.# #.###.# #.#### ..#
#.##.. .$....# #.##.#
#####..# ### #.##.# #..#
##)## #.##.# #####..#
#.... #.##.## ##......#
##.##


You could see a cyclops and a shadow imp.

Vanquished Creatures
  A black bear (D:6)
  An ice beast (D:5)
  A phantom (D:5)
  4 scorpions
  A howler monkey (D:4)
  A hound (D:5)
  A gnoll bouda (D:5)
  2 jellies
  An orc priest (D:6)
  3 iguanas (D:5)
  Ijyb (D:5)
  3 orc wizards (D:6)
  8 adders
  3 gnolls (D:5)
  An ufetubus (D:5)
  A worm (D:2)
  3 dart slugs
  4 orcs
  5 bats
  4 endoplasms
  3 giant cockroaches
  4 goblins
  11 hobgoblins
  3 jackals (D:4)
  3 quokkas
  5 ball pythons
  A frilled lizard (D:2)
  6 kobolds
  A rat (D:3)
86 creatures vanquished.

Notes
Turn   | Place    | Note
-------+----------+-------------------------------------------
     0 | D:1      | Mickster the Demigod Fighter began the quest for the Orb.
     0 | D:1      | Reached XP level 1. HP: 18/18 MP: 3/3
    67 | D:1      | Identified a scroll of acquirement
    67 | D:1      | Acquired 636 gold pieces
   261 | D:1      | Reached XP level 2. HP: 24/26 MP: 4/4
   627 | D:1      | Reached skill level 2 in Axes
   648 | D:1      | Gained mutation: You are frail. (-10% HP) [potion of
                  | mutation]
   648 | D:1      | Gained mutation: You have large cloven feet. [potion of
                  | mutation]
   648 | D:1      | Gained mutation: Armour fits poorly on your strangely
                  | shaped body. [potion of mutation]
   648 | D:1      | Gained mutation: You have hoof-like feet. [potion of
                  | mutation]
   818 | D:2      | Reached XP level 3. HP: 4/27 MP: 5/5
  1302 | D:2      | Found Enyvvisuy's Book Shoppe.
  1821 | D:4      | Reached XP level 4. HP: 34/34 MP: 6/6
  2084 | D:4      | Reached skill level 3 in Axes
  2407 | D:4      | Reached XP level 5. HP: 40/40 MP: 7/7
  2475 | D:5      | Entered Level 5 of the Dungeon
  2527 | D:5      | Reached skill level 4 in Axes
  2831 | D:5      | Reached XP level 6. HP: 22/46 MP: 8/8
  2854 | D:5      | Reached skill level 5 in Axes
  2913 | D:5      | Reached skill level 1 in Dodging
  2980 | D:5      | Noticed Ijyb
  2988 | D:5      | Killed Ijyb
  3285 | D:5      | Reached XP level 7. HP: 10/53 MP: 9/9
  3645 | D:6      | Reached skill level 6 in Axes
  4107 | D:6      | Noticed a cyclops
  4117 | D:6      | Mangled by a cyclops

Illustrated notes

Levels and vault maps discovered:
D:1:      evilmike_arrival_home_sweet_home, layout_basic
D:2:      layout_rooms, serial_shops, shop_coins
D:3:      layout_rooms, nicolae_sif_muna_little_library
D:4:      layout_basic
D:5:      layout_basic, uniq_ijyb
D:6:      layout_loops_ring, chequers_serial_rivers_room_b

Skill      XL: |  1  2  3  4  5  6  7 |
---------------+----------------------+-----
Fighting       | 3 4 |  4.6
Armour         | 3 4 |  4.2
Axes           | 2 3 4 5 6 |  6.5
Shields        | 3 |  3.3
Dodging        | 1 |  1.3
Throwing       | |  0.3
Stealth        | |  0.1

Action                   |  1- 3 |  4- 6 |  7- 9 || total
-------------------------+-------+-------+-------++-------
Melee: War axe           |   104 |    77 |    66 ||   247
       Kick              |    12 |    25 |    22 ||    59
Throw: Dart              |       |     2 |     3 ||     5
  Use: Scroll            |     7 |     1 |     1 ||     9
       Potion            |     8 |     2 |     3 ||    13
Armor: Scale mail        |    44 |       |       ||    44
       Chain mail        |    14 |    33 |    36 ||    83
Dodge: Dodged            |    41 |    24 |    28 ||    93
Block: Buckler           |    26 |    22 |    13 ||    61
